 Dungeon Crawl Stone Soup version 0.30.0-5-g1a98f26d00 (webtiles) character file.

Game seed: 6826088185022542856

3757 qeuew the Protected (level 9, -8/78 HPs)
             Began as a Minotaur Fighter on May 9, 2023.
             Was an Elder of Makhleb.
             Mangled by a two-headed ogre
             ... wielding a +0 giant club
              (13 damage)
             ... on level 9 of the Dungeon.
             The game lasted 00:10:54 (6277 turns).

qeuew the Protected (Minotaur Fighter)              Turns: 6277, Time: 00:10:55

Health: -8/78      AC:  8    Str: 20    XL:     9   Next: 94%
Magic:  12/12      EV: 18    Int:  5    God:    Makhleb [****..]
Gold:   371        SH:  5    Dex: 13    Spells: 8/8 levels left

rFire   . . .        a - +0 war axe
rCold   . . .        c - +0 buckler
rNeg    . . .        b - +0 scale mail
rPois   .            (helmet restricted)
rElec   .            (no cloak)
rCorr   .            (no gloves)
SInv    +            (no boots)
Will    .....        (no amulet)
Stlth   +            g - +5 ring of evasion
HPRegen 0.33/turn    t - ring of see invisible
MPRegen 0.13/turn

%: no passive effects
@: no status effects
A: horns 2, retaliatory headbutt, weak 1, sturdy frame 2
a: Renounce Religion, Minor Destruction, Lesser Servant of Makhleb, Major
Destruction


You were on level 9 of the Dungeon.
You worshipped Makhleb.
Makhleb was greatly pleased with you.
You visited 1 branch of the dungeon, and saw 9 of its levels.

You collected 371 gold pieces.

Inventory:

Hand Weapons
 a - a +0 war axe (weapon)
Missiles
 e - 3 throwing nets
Armour
 b - a +0 scale mail (worn)
 c - a +0 buckler (worn)
Jewellery
 g - a +5 ring of evasion (left hand)
 t - a ring of see invisible (right hand)
Wands
 h - a wand of quicksilver (6)
 j - a wand of flame (17)
Scrolls
 d - 3 scrolls of fear
 l - a scroll of blinking
 m - a scroll of enchant armour {unknown}
 n - 2 scrolls of teleportation
 o - a scroll of enchant weapon
 p - a scroll of summoning
 q - a scroll of fog
 r - a scroll of magic mapping
Potions
 f - a potion of ambrosia
 i - 2 potions of flight
 k - 2 potions of brilliance
 s - a potion of haste
 u - a potion of invisibility


   Skills:
 + Level 6.9 Fighting
 + Level 6.4 Axes
 * Level 9.1 Armour
 + Level 5.1 Dodging
 + Level 6.8 Shields
 * Level 6.4 Invocations
 + Level 3.3 Evocations


You had 8 spell levels left.
You didn't know any spells.
Your spell library contained the following spells:

 Spells                   Type           Power      Damage    Failure   Level
 Apportation              Tloc           0%         N/A       65%         1
 Static Discharge         Conj/Air       0%         2-2/arc   78%         2
 Sublimation of Blood     Necr           0%         N/A       78%         2
 Gell's Gravitas          Tloc           0%         N/A       95%         3
 Inner Flame              Hex/Fire       0%         N/A       95%         3
 Teleport Other           Tloc           0%         N/A       95%         3
 Airstrike                Air            0%         2d(0-16)  100%        4
 Anguish                  Hex/Necr       0%         N/A       100%        4
 Flame Wave               Conj/Fire      0%         2d4       100%        4
 Petrify                  Tmut/Erth      0%         N/A       100%        4
 Sticky Flame             Conj/Fire      0%         2d3       100%        4
 Summon Lightning Spire   Summ/Air       0%         N/A       100%        4
 Alistair's Intoxication  Tmut/Pois      0%         N/A       100%        5
 Fireball                 Conj/Fire      0%         3d3       100%        5
 Irradiate                Conj/Tmut      0%         3d11      100%        5
 Iskenderun's Battlesphe  Conj           0%         2d6       100%        5
 Conjure Ball Lightning   Conj/Air       0%         3x3d6     100%        6
 Dispersal                Tloc           0%         N/A       100%        6
 Enfeeble                 Hex            0%         N/A       100%        7
 Orb of Destruction       Conj           0%         9d5       100%        7


Dungeon Overview and Level Annotations

Branches:
Dungeon (9/15)             Temple (0/1) D:4
   Lair: D:8-11         Orc: D:9-12

Altars:
Cheibriados
Fedhas
Hepliaklqana
Makhleb
Okawaru
Wu Jian

Shops:
D:1 !


Innate Abilities, Weirdness & Mutations

You have a pair of horns on your head.
You reflexively headbutt those who attack you in melee.
You are weak. (Str -2)
Your movements are less encumbered by armour. (ER -4)


Message History

The two-headed ogre shouts in stereo!
A two-headed ogre is nearby!
The two-headed ogre misses you.
The two-headed ogre hits you with a +0 giant club!
You hit the two-headed ogre. You headbutt the two-headed ogre!
The two-headed ogre is moderately wounded.
The two-headed ogre hits you with a +0 giant club!
The two-headed ogre hits you with a +0 giant club!!
You are too injured to fight recklessly!
You are too injured to fight recklessly!
You are too injured to fight recklessly!
You are too injured to fight recklessly!
You are too injured to fight recklessly!
You are too injured to fight recklessly!
You are too injured to fight recklessly!
You are too injured to fight recklessly!
You are too injured to fight recklessly!
You are too injured to fight recklessly!
You are too injured to fight recklessly!
You are too injured to fight recklessly!
Unknown command.
The two-headed ogre attacks as you move away!
The two-headed ogre misses you. The two-headed ogre barely misses you.
A demon appears!
Your smoke demon hits the two-headed ogre.
Your smoke demon barely misses the two-headed ogre. x2
Your smoke demon gestures at the two-headed ogre.
The two-headed ogre is smitten.
The two-headed ogre hits you with a +0 giant club!
* * * LOW HITPOINT WARNING * * *
You block the two-headed ogre's attack.
Your smoke demon gestures at the two-headed ogre.
The sticky flame hits the two-headed ogre.
The two-headed ogre is covered in liquid flames!
Unknown command.
The two-headed ogre attacks as you move away!
The two-headed ogre hits you with a +0 giant club!
* * * LOW HITPOINT WARNING * * *
The two-headed ogre hits you with a +0 giant club!
You die...

#.................#
####..................
#....######....######.
#....# #....#....#.
####....# #....#....#. ##
##.......# #....'....#. ..
........3# #....#....#. ..
........O###+##....#....#.
..
.........@.........##'###. #
#.....#++#######............
# #.....# #............ #
#.....# #............ #
#.....# #..........## #
#.....# ..........# #
#.....# #..######.# #
#.....# #.. #.#
######.....####### #. #.#


You could see a two-headed ogre (burning, ally target) and a friendly smoke
demon (summoned).

Vanquished Creatures
  2 wyverns
  Eustachio (D:4)
  7 yaks
  A steam dragon (D:9)
  Edmund (D:6)
  An acid dragon (D:9)
  2 water moccasins
  An orc warrior (D:8)
  2 black bears (D:4)
  A centaur (D:5)
  2 phantoms
  2 kobold brigands (D:8)
  2 bullfrogs
  A gnoll sergeant (D:7)
  3 howler monkeys
  An orc priest (D:7)
  2 jellies (D:4)
  A gnoll bouda (D:5)
  3 hounds
  6 iguanas
  3 orc wizards
  13 gnolls
  7 adders
  A shadow imp (D:7)
  An ufetubus (D:5)
  A dart slug (D:1)
  23 orcs
  6 bats
  6 endoplasms
  3 giant cockroaches
  9 goblins
  12 hobgoblins
  4 jackals (D:5)
  3 quokkas
  11 ball pythons
  4 frilled lizards
  21 kobolds
  8 rats
178 creatures vanquished.

Vanquished Creatures (others)
  An orc wizard (D:4)
1 creature vanquished.

Grand Total: 179 creatures vanquished

Notes
Turn   | Place    | Note
-------+----------+-------------------------------------------
     0 | D:1      | qeuew the Minotaur Fighter began the quest for the Orb.
     0 | D:1      | Reached XP level 1. HP: 19/19 MP: 0/0
    44 | D:1      | Reached XP level 2. HP: 27/27 MP: 1/1
   193 | D:1      | Reached skill level 4 in Armour
   478 | D:1      | Reached skill level 1 in Dodging
   558 | D:1      | Found Reruc's Distillery.
   568 | D:1      | Reached XP level 3. HP: 32/33 MP: 2/2
   960 | D:2      | Identified the +2 dagger of Light {venom, rN+}
  1058 | D:2      | Found a faded altar of an unknown god.
  1077 | D:2      | Prayed at the altar of an unknown god.
  1077 | D:2      | Became a worshipper of Makhleb the Destroyer
  1077 | D:2      | Reached * piety under Makhleb
  1235 | D:2      | Reached XP level 4. HP: 40/40 MP: 3/3
  1275 | D:2      | Reached skill level 1 in Invocations
  1960 | D:3      | Found a hazy altar of Hepliaklqana.
  2010 | D:3      | Reached ** piety under Makhleb
  2343 | D:3      | Gained mutation: Your magical capacity is low. (-10% MP)
                  | [potion of mutation]
  2343 | D:3      | Gained mutation: You possess an exceptional clarity of
                  | mind. [potion of mutation]
  2344 | D:3      | Lost mutation: You possess an exceptional clarity of mind.
                  | [potion of mutation]
  2344 | D:3      | Lost mutation: Your magical capacity is low. (-10% MP)
                  | [potion of mutation]
  2344 | D:3      | Gained mutation: You are resistant to electric shocks.
                  | (rElec) [potion of mutation]
  2344 | D:3      | Lost mutation: You are resistant to electric shocks.
                  | (rElec) [potion of mutation]
  2344 | D:3      | Gained mutation: Your spells are a little easier to cast,
                  | but a little less powerful. [potion of mutation]
  2345 | D:3      | Lost mutation: Your spells are a little easier to cast, but
                  | a little less powerful. [potion of mutation]
  2345 | D:3      | Gained mutation: Your movements are slightly less
                  | encumbered by armour. (ER -2) [potion of mutation]
  2345 | D:3      | Gained mutation: You are weak. (Str -2) [potion of
                  | mutation]
  2345 | D:3      | Gained mutation: Your movements are less encumbered by
                  | armour. (ER -4) [potion of mutation]
  2426 | D:4      | Reached XP level 5. HP: 46/46 MP: 4/4
  2439 | D:4      | Noticed a black bear
  2440 | D:4      | Noticed a black bear
  2450 | D:4      | Killed a black bear
  2451 | D:4      | Reached skill level 5 in Armour
  2451 | D:4      | Killed a black bear
  2452 | D:4      | Reached XP level 6. HP: 7/53 MP: 4/6
  2490 | D:4      | Found an iron altar of Okawaru.
  2783 | D:4      | Found a burning altar of Makhleb.
  2800 | D:4      | Noticed Eustachio
  2825 | D:4      | Killed Eustachio
  2826 | D:4      | Reached skill level 6 in Armour
  2826 | D:4      | Reached XP level 7. HP: 29/60 MP: 6/8
  2948 | D:4      | Found a staircase to the Ecumenical Temple.
  2974 | D:4      | You fall into a shaft and drop 2 floors!
  3093 | D:6      | Reached skill level 5 in Fighting
  3093 | D:6      | Reached skill level 5 in Shields
  3098 | D:5      | Entered Level 5 of the Dungeon
  3178 | D:5      | Reached *** piety under Makhleb
  3317 | D:5      | Reached skill level 1 in Evocations
  3538 | D:5      | Reached XP level 8. HP: 59/68 MP: 9/9
  3894 | D:6      | Reached skill level 7 in Armour
  3899 | D:6      | Reached skill level 5 in Axes
  3899 | D:6      | HP: 2/69 [yak (15)]
  4122 | D:6      | Found a blossoming altar of Fedhas.
  4124 | D:6      | Found an ornate altar of the Wu Jian Council.
  4200 | D:6      | Noticed Edmund
  4211 | D:6      | Killed Edmund
  4212 | D:6      | Reached skill level 5 in Invocations
  4449 | D:7      | Reached XP level 9. HP: 75/75 MP: 11/11
  4505 | D:7      | Reached skill level 8 in Armour
  4970 | D:8      | Reached **** piety under Makhleb
  5625 | D:8      | Found a snail-covered altar of Cheibriados.
  5842 | D:9      | Reached skill level 9 in Armour
  5842 | D:9      | Reached skill level 5 in Dodging
  6237 | D:9      | Noticed a two-headed ogre
  6277 | D:9      | Mangled by a two-headed ogre

Illustrated notes

Levels and vault maps discovered:
D:1:      dpeg_arrival_windows_large_door, layout_basic, serial_shops, shop
D:2:      minmay_inner_zag, layout_basic, dreamdust_ecumenical_altar_grove
D:3:      layout_loops_ring, mainiacjoe_overflow_alcove_4,
          chequers_serial_rivers_large_a
D:4:      layout_loops_ring, mainiacjoe_overflow_six_doors_small,
          okawaru_ov_weapons_minmay, marbit_many_paths,
          minmay_temple_entry_junction, uniq_eustachio
D:5:      layout_basic
D:6:      layout_rooms, chequers_temple_overflow_statue_of_worship, uniq_edmund
D:7:      layout_rooms, serial_curves, eino_curves_03, eino_curves_02
D:8:      layout_basic, chei_slow_surprise
D:9:      layout_irregular_city, grunt_dithmenos_smoke_and_mirrors

Skill      XL: |  1  2  3  4  5  6  7  8  9 |
---------------+----------------------------+-----
Armour         | 4 5 6 7 9 |  9.1
Dodging        | 1 2 3 4 5 |  5.1
Axes           | 3 4 5 6 |  6.4
Shields        | 4 5 6 |  6.8
Fighting       | 4 5 6 |  6.9
Invocations    | 1 2 3 5 6 |  6.4
Evocations     | 1 2 3 |  3.3

Action                     |  1- 3 |  4- 6 |  7- 9 || total
---------------------------+-------+-------+-------++-------
  Melee: War axe           |   116 |   112 |   234 ||   462
         Headbutt          |    10 |    17 |    55 ||    82
 Invoke: Minor Destruction |       |       |     2 ||     2
         Lesser Servant of |       |       |     1 ||     1
    Use: Potion            |     5 |     7 |     3 ||    15
         Scroll            |     4 |     5 |     7 ||    16
 Armour: Scale mail        |    64 |    81 |    62 ||   207
  Dodge: Dodged            |    56 |   131 |   242 ||   429
  Block: Buckler           |    23 |    38 |    68 ||   129
